 Dungeon Crawl Stone Soup version 0.21.1-1-g345015f (webtiles) character file.

151 Kairos the Shield-Bearer (level 5, 0/41 HPs)
             Began as a Human Fighter on Apr 1, 2018.
             Slain by an ogre
             ... wielding a +0 giant club
              (23 damage)
             ... on level 2 of the Dungeon.
             The game lasted 00:03:32 (2625 turns).

Kairos the Shield-Bearer (Human Fighter)            Turns: 2625, Time: 00:03:32

Health: 0/41       AC:  7    Str: 17    XL:     5   Next: 59%
Magic:  5/5        EV:  8    Int:  8    God:
Gold:   192        SH:  9    Dex: 13    Spells: 4/4 levels left

rFire    . . .     SeeInvis .   k - +0 whip (elec)
rCold    + . .     Gourm    .   c - +0 shield
rNeg     . . .     Faith    .   q - +2 ring mail {rC+}
rPois    .         Spirit   .   (no helmet)
rElec    .         Reflect  .   (no cloak)
rCorr    .         Harm     .   (no gloves)
MR       .....                  (no boots)
Stlth    +.........             (no amulet)
HPRegen  0.13/turn              n - +1 ring of slaying
MPRegen  0.09/turn              (no ring)

@: no status effects
A: no striking features
a: no special abilities


You were on level 2 of the Dungeon.
You were not hungry.

You visited 1 branch of the dungeon, and saw 3 of its levels.

You collected 192 gold pieces.

Inventory:

Hand Weapons
 a - a +0 war axe
 k - a +0 whip of electrocution (weapon)
Armour
 c - a +0 shield (worn)
 q - a +2 ring mail of cold resistance (worn)
Jewellery
 n - a +1 ring of slaying (left hand)
Scrolls
 e - a scroll of enchant armour {unknown}
 h - a scroll of remove curse {unknown}
 m - 2 scrolls of fear {unknown}
 o - a scroll of random uselessness {unknown}
 p - 3 scrolls of identify {unknown}
 r - 3 scrolls of teleportation {unknown}
 s - a scroll of amnesia {unknown}
Potions
 d - a potion of might
 g - a potion of berserk rage {unknown}
 i - 2 potions of flight {unknown}
 j - 2 potions of curing {unknown}
 l - a potion of agility {unknown}
Comestibles
 f - 5 rations


   Skills:
 + Level 3.5 Fighting
 + Level 2.4(2.9) Axes
 + Level 2.1(2.7) Maces & Flails
 + Level 3.6 Armour
 + Level 0.5 Dodging
 + Level 4.0 Shields


You had 4 spell levels left.
You didn't know any spells.

Dungeon Overview and Level Annotations

Branches:
Dungeon (3/15)

Altars:
Ashenzari

Annotations:
D:3 Verendum's ghost, amateur OpFi


Message History

Things that are here:
a dagger; a kobold skeleton
There is a stone staircase leading up here.
You climb upwards.
There is a stone staircase leading down here.
You start resting.
You are feeling very hungry.
You start resting.
You are near starving!
You start resting.
HP restored.
You eat one of the 6 rations.
That ration really hit the spot!
You climb downwards.
The ogre completely misses you.
There is a stone staircase leading up here.
You completely miss the ogre. You block the ogre's attack.
You hit the ogre but do no damage. The ogre hits you with a giant club!!
You hit the ogre. Lightning courses through the ogre!
The ogre is severely wounded.
The ogre hits you with a giant club!!
Ouch! That really hurt!
You die...

### ########### #.##
#...O.....# #..###
#..@......######..##
#...................
#.........#######.(.
#.........# #.....
#.........# ##.##.#
#####.##### ##..#..O
#..# #..##..) #.##
#.###... #.# #.#
#..)


You could see an ogre.

Vanquished Creatures
  An orc priest (D:3)
  Terence (D:2)
  2 gnolls (D:3)
  An ooze (D:1)
  3 dart slugs (D:1)
  A leopard gecko (D:1)
  8 orcs
  2 ball pythons (D:2)
  7 bats
  A giant cockroach (D:2)
  7 hobgoblins
  6 kobolds
  A frilled lizard (D:3)
  7 goblins
  10 rats
58 creatures vanquished.

Notes
Turn   | Place    | Note
-------+----------+-------------------------------------------
     0 | D:1      | Kairos the Human Fighter began the quest for the Orb.
     0 | D:1      | Reached XP level 1. HP: 18/18 MP: 1/1
   120 | D:1      | Reached XP level 2. HP: 23/24 MP: 2/2
   167 | D:1      | Found a shattered altar of Ashenzari.
   429 | D:1      | Reached XP level 3. HP: 15/29 MP: 3/3
  1195 | D:2      | Noticed an ogre
  1257 | D:1      | Reached XP level 4. HP: 6/35 MP: 4/4
  1729 | D:2      | Noticed Terence
  1734 | D:2      | Killed Terence
  1734 | D:2      | Reached skill level 1 in Maces & Flails
  1836 | D:3      | Reached XP level 5. HP: 25/41 MP: 5/5
  2306 | D:3      | Reached skill level 4 in Shields
  2308 | D:3      | Noticed Verendum's ghost (amateur OpFi)
  2625 | D:2      | Slain by an ogre

Skill      XL: |  1  2  3  4  5 |
---------------+----------------+-----
Maces & Flails | 1 2 |  2.1
Shields        | 4 |  4.0
Fighting       | |  3.5
Axes           | |  2.4
Armour         | |  3.6
Dodging        | |  0.5

Action                   |  1- 3 |  4- 6 || total
-------------------------+-------+-------++-------
Melee: War axe           |    31 |       ||    31
       Whip              |    69 |    75 ||   144
  Eat: Chunk             |       |     4 ||     4
       Ration            |       |     1 ||     1
Armor: Scale mail        |    66 |     5 ||    71
       Ring mail         |       |    29 ||    29
Dodge: Dodged            |    49 |    20 ||    69
Block: Shield            |    69 |    50 ||   119
